 Dungeon Crawl Stone Soup version 0.27-a0-637-g3a9f0a9c12 (webtiles) character file.

Game seed: 15660775195204247894

46 JoanKharjo the Shooter (level 3, -2/39 HPs)
             Began as a Human Arcane Marksman on Mar 15, 2021.
             Slain by a scorpion (4 damage)
             ... on level 2 of the Dungeon.
             The game lasted 00:05:06 (2049 turns).

JoanKharjo the Shooter (Human Arcane Marksman)      Turns: 2049, Time: 00:05:07

Health: -2/39      AC: 21    Str: 10    XL:     3   Next: 95%
Magic:  3/4        EV:  2    Int: 14    God:
Gold:   133        SH:  0    Dex: 13    Spells: 1/4 levels left

rFire    . . .     SeeInvis .   k - +2 dagger (freeze)
rCold    . . .     Faith    .   (no shield)
rNeg     + + +     Spirit   .   (armour currently unavailable)
rPois    +         Reflect  .   (helmet currently unavailable)
rElec    .         Harm     .   (cloak currently unavailable)
rCorr    .         Rampage  .   (gloves currently unavailable)
Will     .....     NoTele   +   (boots currently unavailable)
Stlth    +.........             (no amulet)
HPRegen  0.13/turn              (no ring)
MPRegen  0.09/turn              (no ring)

@: brilliant, lethally poisoned (-2 -> -5), tree-form, hasted, very quick
A: stationary, stasis, torment immunity, boosted hp
a: no special abilities


You were on level 2 of the Dungeon.
You were a tree.
You visited 1 branch of the dungeon, and saw 2 of its levels.

You collected 133 gold pieces.

Inventory:

Hand Weapons
 a - a +0 shortbow
 c - a +0 rapier
 k - a +2 dagger of freezing (weapon)
 o - a +0 trident
Missiles
 d - 37 arrows
Armour
 b - a +1 pair of gloves (melded)
 e - a +0 robe (melded)
 h - a +0 pair of boots (melded)
Scrolls
 g - a scroll of identify {unknown}
 m - a scroll of enchant weapon {unknown}
 n - a scroll of noise {unknown}
 p - a scroll of blinking {unknown}
Potions
 f - a potion of haste
 l - a potion of heal wounds {unknown}


   Skills:
 - Level 1.0 Fighting
 + Level 3.9 Bows
 - Level 2.0 Dodging
 - Level 1.0 Spellcasting
 - Level 3.0 Hexes


You had one spell level left.
You knew the following spells:

 Your Spells              Type           Power      Damage    Failure   Level
a - Corona                Hex            14%        N/A       8%          1
b - Slow                  Hex            13%        N/A       12%         2

Your spell library contained the following spells:

 Spells                   Type           Power      Damage    Failure   Level
 Inner Flame              Hex/Fire       7%         N/A       38%         3
 Portal Projectile        Hex/Tloc       14%        N/A       38%         3
 Cause Fear               Hex            6%         N/A       58%         4
 Leda's Liquefaction      Hex/Erth       3%         N/A       80%         4


Dungeon Overview and Level Annotations

Branches:
Dungeon (2/15)

Altars:
Trog
Vehumet


Message History

a +0 hand axe; 4 stones You feel sick.
It was a potion of haste.
You feel yourself speed up.
You feel sick.
You see here a +0 whip.
* * * LOW HITPOINT WARNING * * *
You feel sick.
It was a potion of brilliance.
You feel clever all of a sudden.
* * * LOW HITPOINT WARNING * * *
You feel sick.
It was a potion of lignification.
You turn into a tree.
Your +1 pair of gloves melds into your body.
Your +0 pair of boots melds into your body.
Your +0 robe melds into your body.
Your roots penetrate the ground.
You cannot move.
The scorpion is no longer moving slowly.
You feel sick.
You hit the scorpion. You freeze the scorpion.
The scorpion is heavily wounded.
The scorpion stings you but does no damage.
You hit the scorpion but do no damage.
The scorpion is heavily wounded.
You closely miss the scorpion.
The scorpion is heavily wounded.
You feel sick.
The scorpion stings you but does no damage.
You hit the scorpion. You freeze the scorpion.
The scorpion is severely wounded.
The scorpion stings you.
* * * LOW HITPOINT WARNING * * *
You barely miss the scorpion.
The scorpion is severely wounded.
You closely miss the scorpion.
The scorpion is severely wounded.
You feel sick. The scorpion stings you.
* * * LOW HITPOINT WARNING * * *
You hit the scorpion. You freeze the scorpion.
The scorpion is almost dead.
The scorpion stings you.
You die...

#####.#.##.##..........#
#..............#########
#...........#.....#
########
#####.#####.#..##.####
#....... #. #.#.)...[..#
#.###### .. #s##.##.##.#
#.# ## #K##)##.##.# #.#
#.##s##.##.# #.#
#.##♣##.##.# #.#
########.......##.# #.#
.........##.#####.# #.#
...#####.##.# #.###.#
#.##.# #..>.)# ##.##.#
####### # ####.>.#.#
#.#........#
#.#.##...#....#


You could see a scorpion.

Vanquished Creatures
  An adder (D:2)
  A gnoll (D:1)
  A dart slug (D:1)
  3 leopard geckos
  3 bats
  A giant cockroach (D:1)
  A goblin (D:2)
  3 hobgoblins
  A ball python (D:2)
  A frilled lizard (D:2)
  5 kobolds
  3 rats
24 creatures vanquished.

Notes
Turn   | Place    | Note
-------+----------+-------------------------------------------
     0 | D:1      | JoanKharjo the Human Arcane Marksman began the quest for
                  | the Orb.
     0 | D:1      | Reached XP level 1. HP: 15/15 MP: 2/2
   239 | D:1      | Reached XP level 2. HP: 11/21 MP: 3/3
   242 | D:1      | Learned a level 2 spell: Slow
   925 | D:2      | Noticed a scorpion
   974 | D:1      | Reached XP level 3. HP: 22/26 MP: 4/4
  1760 | D:2      | Found a bloodstained altar of Trog.
  1764 | D:2      | Found a radiant altar of Vehumet.
  2049 | D:2      | Slain by a scorpion

Illustrated notes

Levels and vault maps discovered:
D:1:      roderic_dead_forest, layout_rooms
D:2:      layout_loops_ring, minitemple, chequers_serial_rivers_room_b

Skill      XL: |  1  2 |
---------------+-------+-----
Bows           | 3 |  3.9
Fighting       | |  1.0
Dodging        | |  2.0
Spellcasting   | |  1.0
Hexes          | |  3.0

Action                   || total
-------------------------++-------
Melee: Hand axe          ||    15
       Spear             ||    32
       Rapier            ||    19
       Trident           ||     2
       Dagger            ||    41
 Fire: Shortbow          ||    12
 Cast: Corona            ||     2
       Slow              ||     1
  Use: Potion            ||     3
 Stab: Sleeping          ||     2
Armor: Robe              ||    41
       Skin              ||     2
Dodge: Dodged            ||    83

Table legend: (Time is in decaauts)
 A = Elapsed time spent in this place.
 B = Non-inter-level travel time spent in this place.
 C = Inter-level travel time spent in this place.
 D = Time resting spent in this place.
 E = Time spent auto-exploring this place.
 F = Levels seen in this place.
 G = Mean time per level.
                   A        B        C        D        E       F      G
               +--------+--------+--------+--------+--------+-----+--------+
         Total |   2055 |   1995 |     60 |    111 |   1456 |   2 | 1027.5 |
       Dungeon |   2055 |   1995 |     60 |    111 |   1456 |   2 | 1027.5 |
               +--------+--------+--------+--------+--------+-----+--------+

Top non-repeatable levels by time:
     D:1: 1036 daAuts
     D:2: 1018 daAuts
